Map: Apothéose EC

Players

Worming

  • Race: Zerg Zerg
  • League: Diamond

Antilone - Winner!

  • Race: Terran Terran
  • League: Diamond

VOD

Have the link to the VOD?

Description

Time

  • Played on: July 17, 2016, 4:11 p.m.
  • Length: 13:56
Show
View Real Time Build Order
Export as new Build Order

Worming Zerg 

Build Orders: Hatch First 

Get SALT Encoding   

  12  0:01  Drone  
  13  0:13  Overlord  
  13  0:18  Drone  
  14  0:32  Drone  
  14  0:33  Drone  
  14  0:35  Drone  
  17  0:55  Drone  
  18  0:58  Hatchery  
  18  1:02  Drone  
  18  1:15  Drone, Spawning Pool  
  18  1:19  Drone  
  18  1:22  Extractor  
  18  1:30  Drone  
  19  1:41  Overlord  
  19  2:02  Queen, Zergling x4  
  23  2:09  Queen  
  23  2:10  Drone  
  23  2:15  Drone  
  27  2:29  Metabolic Boost  
  27  2:30  Drone x2  
  27  2:59  Drone  
  27  3:00  Drone x5  
  33  3:12  Roach Warren  
  32  3:15  Zergling x4  
  34  3:20  Overlord  
  34  3:22  Zergling x4  
  35  3:32  Queen  
  36  3:36  Overlord  
  36  3:42  Zergling x10  
  38  3:56  Roach  
  38  3:57  Roach x2  
  38  4:01  Spine Crawler  
  43  4:03  Roach x3  
  43  4:07  Drone  
  45  4:17  Roach x2  
  49  4:32  Roach  
  49  4:33  Overlord  
  49  4:34  Drone  
  52  4:51  Roach  
  52  4:52  Roach x3  
  60  4:55  Drone, Extractor  
  60  4:56  Overlord x2  
  59  5:17  Spine Crawler  
  59  5:18  Queen  
  59  5:26  Overlord  
  59  5:32  Lair  
  59  5:34  Drone  
  59  5:35  Drone x2, Evolution Chamber  
  59  6:00  Extractor  
  59  6:01  Drone x4  
  59  6:02  Drone x2  
  64  6:07  Zerg Missile Weapons Level 1  
  64  6:30  Extractor  
  63  6:38  Hatchery  
  63  6:42  Glial Reconstitution  
  63  6:47  Overlord  
  63  6:48  Drone  
  63  6:49  Drone x4  
  63  6:50  Drone x4  
  63  6:53  Overlord x2  
  63  6:54  Roach x3  
  78  7:13  Roach x4  
  86  7:26  Spine Crawler  
  86  7:28  Spine Crawler  
  84  7:31  Burrow  
  84  7:35  Drone x7  
  91  7:41  Overseer  
  91  7:44  Pneumatized Carapace  
  91  7:59  Spine Crawler  
  91  8:00  Tunneling Claws  
  91  8:03  Extractor  
  89  8:12  Roach  
  89  8:13  Roach x9  
  91  8:32  Drone x6  
  97  8:36  Zerg Missile Weapons Level 2  
  97  8:42  Ravager  
  97  8:43  Hatchery  
  97  8:44  Ravager  
  97  8:48  Drone x3  
  101  8:50  Roach x2  
  101  8:51  Roach  
  107  8:58  Ravager  
  107  8:59  Ravager  
  109  9:27  Roach x2  
  109  9:28  Overlord x5  
  109  9:29  Overlord x3  
  113  9:35  Extractor  
  102  9:46  Ravager  
  102  9:49  Roach  
  102  9:50  Roach x13  
  131  9:54  Drone x2  
  133  10:02  Ravager  
  134  10:09  Zergling x2  
  134  10:11  Zergling x2  
  134  10:12  Zergling x2  
  137  10:15  Queen  
  139  10:27  Overlord  
  139  10:33  Spore Crawler  
  134  10:40  Roach  
  134  10:41  Roach x10  
  156  10:49  Extractor x2  
  153  10:52  Zerg Ground Armor Level 1  
  153  10:58  Drone x2  
  153  10:59  Drone  
  156  11:09  Hatchery  
  155  11:17  Zergling x2, Roach x6  
  155  11:18  Infestation Pit, Zergling x4  
  169  11:31  Roach x38  
  165  11:36  Roach  
  165  11:37  Roach x5  
  172  11:53  Roach  
  172  11:54  Roach x8  
  113  12:02  Roach x3  
  113  12:08  Roach  
  91  12:10  Roach x3  
  91  12:22  Roach x5  
  71  12:36  Roach x5  
  75  12:44  Roach x4  
  77  13:02  Roach x4  
  81  13:12  Ravager x4  
  84  13:19  Roach x5  
  94  13:20  Extractor  
Show
View Real Time Build Order
Export as new Build Order

Antilone Terran - Winner!

Build Orders: MMM Bio 

Get SALT Encoding   

  12  0:01  SCV  
  13  0:13  SCV  
  14  0:17  Supply Depot  
  14  0:25  SCV  
  15  0:41  Barracks  
  15  0:43  Refinery  
  15  0:44  SCV  
  16  0:57  SCV  
  17  1:02  Barracks  
  17  1:09  SCV  
  18  1:21  SCV  
  19  1:28  Reaper  
  19  1:31  Barracks  
  20  1:39  Supply Depot  
  20  1:43  Refinery  
  20  1:49  Reaper  
  21  1:58  Orbital Command  
  21  2:03  Reaper  
  22  2:18  Reaper  
  22  2:21  Supply Depot  
  23  2:24  SCV  
  23  2:29  Reaper  
  25  2:36  SCV  
  26  2:46  Reaper  
  26  2:58  Reaper  
  26  3:00  SCV  
  26  3:01  Reaper  
  29  3:12  SCV  
  30  3:14  Command Center  
  30  3:18  Reaper  
  31  3:30  Reaper  
  32  3:36  Reaper  
  32  3:37  SCV  
  34  3:49  SCV  
  34  3:50  Reaper  
  36  4:03  Reaper  
  36  4:08  Reaper  
  38  4:14  Command Center  
  37  4:22  Reaper  
  38  4:27  Orbital Command  
  38  4:30  Bunker  
  38  4:35  Reaper  
  38  4:37  SCV  
  39  4:40  Reaper  
  40  4:48  Factory  
  40  4:49  SCV  
  41  4:54  Marine  
  42  5:07  Marine  
  42  5:14  SCV  
  42  5:15  SCV  
  44  5:21  Marine x2  
  44  5:24  Marine  
  44  5:27  SCV x2  
  49  5:32  Factory Tech Lab  
  49  5:36  Starport  
  49  5:39  Marine x2, SCV x2  
  49  5:42  Marine  
  54  5:51  SCV x2  
  54  5:52  Orbital Command  
  54  5:57  Liberator, Marine  
  56  6:03  Siege Tank, SCV x2  
  64  6:06  Barracks Tech Lab  
  62  6:12  Engineering Bay x2  
  62  6:15  SCV x2, Barracks Reactor, Marine  
  68  6:21  SCV  
  69  6:32  Bunker  
  69  6:33  Supply Depot x2  
  69  6:40  Barracks Reactor  
  69  6:42  Stimpack  
  69  6:51  SCV x3, Terran Infantry Weapons Level 1, Marine  
  69  6:52  Marine x2  
  75  7:03  SCV x3  
  77  7:09  Marine x2  
  77  7:10  Marine  
  77  7:13  Bunker  
  80  7:15  SCV x3  
  80  7:19  Marine x2  
  80  7:20  Siege Tank  
  88  7:26  Marine  
  88  7:27  SCV x3, Marine  
  93  7:30  Supply Depot  
  93  7:32  Barracks, Supply Depot  
  93  7:35  Barracks  
  93  7:41  Refinery  
  93  7:42  Terran Infantry Armor Level 1  
  93  7:49  Refinery, Starport Reactor  
  93  7:51  SCV x2, Marine x5  
  100  8:09  Marauder, Marine  
  93  8:22  Marine x3  
  93  8:24  SCV x2  
  93  8:26  Medivac x2  
  93  8:27  Marine  
  101  8:29  Barracks Reactor  
  101  8:31  Marauder  
  101  8:32  Supply Depot  
  104  8:36  Barracks Tech Lab  
  104  8:37  Barracks, Supply Depot  
  104  8:38  Barracks  
  104  8:40  Barracks, Marine x3  
  107  8:42  Supply Depot  
  107  8:44  Armory, Marine  
  107  8:45  SCV  
  108  8:49  Refinery  
  108  8:51  Refinery  
  108  8:52  Marine  
  108  8:53  SCV x2  
  111  8:57  Marine  
  111  8:58  Marine x2  
  111  9:01  Supply Depot, Marine  
  111  9:02  Marine  
  115  9:09  Marine  
  116  9:15  Marine x2  
  116  9:17  Marine x3  
  116  9:19  Combat Shields, Marauder  
  116  9:20  Marine  
  121  9:24  Supply Depot  
  121  9:28  Supply Depot, Marauder  
  122  9:33  Marine x2  
  122  9:35  Marine x2  
  115  9:47  Marine x3  
  115  9:48  Siege Tank  
  115  9:49  Marine  
  115  9:51  Marine x2  
  124  9:52  Marine  
  124  9:53  Marine  
  124  9:55  SCV x2  
  128  10:05  Marine x2  
  128  10:06  Marauder  
  134  10:07  Marauder  
  134  10:09  Marine x2  
  134  10:10  Marine  
  134  10:12  Command Center  
  134  10:13  Marine x4  
  141  10:22  Marine  
  141  10:23  Marine  
  141  10:27  Marauder, Marine  
  148  10:28  Marauder  
  146  10:40  Marine x4  
  150  10:48  Marauder  
  150  10:49  Marine x5  
  156  10:50  Marauder  
  156  10:51  Medivac x2  
  148  10:58  Marine x4  
  152  11:07  Terran Infantry Weapons Level 2, Marine x3  
  152  11:10  Marauder  
  159  11:11  Marine x2, Marauder  
  159  11:15  Marine x2  
  163  11:20  Marine x2  
  163  11:24  Marine  
  163  11:25  Marine x2  
  168  11:26  Supply Depot  
  168  11:29  Marine x2  
  168  11:31  Marauder  
  169  11:32  Marauder  
  169  11:33  Marine x2  
  169  11:38  Terran Infantry Armor Level 2  
  171  11:40  Supply Depot  
  171  11:52  Marauder  
  151  11:54  Marauder  
  126  12:02  Marine x5  
  126  12:03  Supply Depot, Marine x4  
  128  12:14  Marauder  
  132  12:15  Marauder  
  132  12:20  Marine x6  
  123  12:35  Marauder  
  123  12:37  Marine x3, Marauder  
  119  12:38  Marine x6  
  119  12:43  Orbital Command  
  125  12:55  Marine  
  125  12:57  Marauder  
  125  12:58  Marauder  
  130  13:00  Marine  
  130  13:01  Marine x7  
  130  13:03  Medivac  
  140  13:13  Marine  
  140  13:18  Marine x2, Marauder  
  140  13:19  Marauder, Marine x5  
  152  13:27  Orbital Command  
Tags
 
Composition
MMM Bio
Matchup
TvZ
Replay Pack
replay pack
Add a new tag
Caveats
  • Supply blocks, unpowered buildings, or Contaminate may cause inaccurate times.
  • Supply counts are checked every 10 seconds.